 Dungeon Crawl Stone Soup version 0.23.1 (webtiles) character file.

Game seed: 1442466296827419529

46 Borgoz the Sneak (level 3, -1/26 (27) HPs)
             Began as a Ghoul Enchanter on Mar 14, 2019.
             Slain by a kobold
             ... wielding a +0 short sword
              (2 damage)
             ... on level 3 of the Dungeon.
             The game lasted 00:04:59 (1915 turns).

Borgoz the Sneak (Ghoul Enchanter)                  Turns: 1915, Time: 00:05:00

HP:   -1/26 (27)    AC:  2    Str: 11    XL:     3   Next: 66%
MP:   0/4           EV: 14    Int: 10    God:
Gold: 112           SH:  0    Dex: 10    Spells: 2/5 levels left

rFire    + . .     SeeInvis .   e - +1 short sword
rCold    + . .     Gourm    .   (no shield)
rNeg     + + +     Faith    .   b - +0 robe
rPois    ∞         Spirit   .   (no helmet)
rElec    .         Reflect  .   (no cloak)
rCorr    .         Harm     .   (no gloves)
MR       .....                  (no boots)
Stlth    ++........             (no amulet)
HPRegen  0.00/turn              a - +2 ring of evasion
MPRegen  0.09/turn              k - ring of protection from fire

@: about to teleport, very slightly contaminated, rotting
A: rotting body, claws 1, carnivore, cold resistance 1, negative energy
resistance 3, inhibited regeneration, torment resistance, unbreathing
a: no special abilities


You were on level 3 of the Dungeon.
You were not hungry.

You visited 1 branch of the dungeon, and saw 3 of its levels.

You collected 112 gold pieces.

Inventory:

Hand Weapons
 e - a +1 short sword (weapon)
Armour
 b - a +0 robe (worn)
 g - a +0 ring mail
Jewellery
 a - a +2 ring of evasion (left claw)
 k - a ring of protection from fire (right claw)
Scrolls
 h - a scroll of remove curse
Comestibles
 d - 4 rations


   Skills:
 + Level 0.4 Fighting
 * Level 1.3 Short Blades
 + Level 0.4 Throwing
 * Level 1.2 Armour
 + Level 1.9 Dodging
 + Level 3.5 Stealth
 + Level 1.9 Spellcasting
 * Level 2.6 Hexes
 + Level 0.7 Ice Magic


You had 2 spell levels left.
You knew the following spells:

 Your Spells              Type           Power        Failure   Level  Hunger
a - Corona                Hex            #......      11%         1    ##.....
b - Ensorcelled Hibernat  Hex/Ice        #.....       24%         2    ###....

Your spell library contained the following spells:

 Spells                   Type           Power        Failure   Level  Hunger
 Slow                     Hex            #.......     16%         2    ###....
 Magic Dart               Conj           #...         32%         1    ##.....
 Blink                    Tloc           N/A          43%         2    ###....
 Call Imp                 Summ           #.......     43%         2    ###....
 Confuse                  Hex            #.......     32%         3    ####...
 Tukima's Dance           Hex            #.......     32%         3    ####...
 Dazzling Spray           Conj/Hex       #.....       50%         3    ####...
 Conjure Flame            Conj/Fire      #.......     67%         3    ####...
 Mephitic Cloud           Conj/Pois/Air  #.......     67%         3    ####...


Dungeon Overview and Level Annotations

Branches:
Dungeon (3/15)

Altars:
Wu Jian


Innate Abilities, Weirdness & Mutations

Your body is rotting away.
You thrive on raw meat.
You are immune to poison.
You have sharp fingernails.
You are carnivorous and can eat meat at any time.
Your flesh is cold resistant. (rC+)
You are immune to negative energy. (rN+++)
You do not regenerate when monsters are visible.
You are immune to unholy pain and torment.
You can survive without breathing.


Message History

You miscast Ensorcelled Hibernation.
You are very lightly contaminated with residual magic.
Nothing appears to happen.
The kobold misses you.
You closely miss the kobold. The kobold misses you.
You barely miss the kobold. The kobold closely misses you.
You closely miss the kobold.
The kobold hits you with a +0 short sword.
* * * LOW HITPOINT WARNING * * *
You aren't carrying any potions.
As you read the scroll labeled OQUAMNU SEORR, it crumbles to dust.
It is a scroll of enchant weapon.
Your +0 short sword glows red for a moment.
The kobold misses you.
You aren't carrying any potions.
As you read the scroll labeled IZIFEJ DOTEA, it crumbles to dust.
You feel strangely unstable.
It was a scroll of teleportation.
The kobold misses you.
You closely miss the kobold.
The kobold hits you with a +0 short sword.
You die...

...#..........
....|........$
#.##.......... ######
##.##..........
#....######..##..<.......
####.....<..............#
##......w<.Kw.........
#######K###.......... #@#
#.......... #(#
#.(........ ..#
#.......... #.##
#.........# ..
..#...$.... ...
############ ###


You could see a dart slug and a kobold.

Vanquished Creatures
  An adder (D:3)
  A leopard gecko (D:1)
  5 giant cockroaches
  3 goblins (D:1)
  5 hobgoblins
  4 bats
  4 frilled lizards
  6 kobolds
  A leopard gecko skeleton (D:2)
  6 rats
36 creatures vanquished.

Notes
Turn   | Place    | Note
-------+----------+-------------------------------------------
     0 | D:1      | Borgoz the Ghoul Enchanter began the quest for the Orb.
     0 | D:1      | Reached XP level 1. HP: 14/14 MP: 2/2
    32 | D:1      | Reached skill level 1 in Short Blades
   325 | D:1      | Reached XP level 2. HP: 19/20 MP: 3/3
   340 | D:1      | Learned a level 2 spell: Ensorcelled Hibernation
   520 | D:1      | Reached XP level 3. HP: 10/26 MP: 4/4
   549 | D:1      | You fall through a shaft!
   567 | D:2      | Found an ornate altar of the Wu Jian Council.
  1033 | D:2      | Reached skill level 1 in Armour
  1912 | D:3      | HP: 1/26 [kobold/+0 short sword (1)]
  1915 | D:3      | Slain by a kobold

Skill      XL: |  1  2  3 |
---------------+----------+-----
Short Blades   | 1 |  1.3
Armour         | 1 |  1.2
Fighting       | |  0.4
Throwing       | |  0.4
Dodging        | |  1.9
Stealth        | |  3.5
Spellcasting   | |  1.9
Hexes          | |  2.6
Ice Magic      | |  0.7

Action                   || total
-------------------------++-------
Melee: Dagger            ||    21
       Short sword       ||   149
 Cast: Ensorcelled Hiber ||     5
  Use: Scroll            ||     5
       Potion            ||     3
 Stab: Sleeping          ||     6
  Eat: Chunk             ||    12
Armor: Robe              ||    22
Dodge: Dodged            ||   128
